 Dungeon Crawl Stone Soup version 0.29.1-13-g9f3cf754e1 (webtiles) character file.

Game seed: 18285656543247267820

47 growler the Slasher (level 3, 0/27 HPs)
             Began as a Demonspawn Wanderer on Feb 1, 2023.
             Slain by Terence
             ... wielding a +0 morningstar
              (6 damage)
             ... on level 2 of the Dungeon.
             The game lasted 00:06:39 (2771 turns).

growler the Slasher (Demonspawn Wanderer)           Turns: 2771, Time: 00:06:39

Health: 0/27       AC:  3    Str: 11 (13) XL:     3   Next: 48%
Magic:  4/4        EV: 11    Int: 10 (13) God:
Gold:   147        SH:  0    Dex: 10 (13) Spells: 3/4 levels left

rFire   . . .      SeeInvis .   a - +3 falchion
rCold   . . .      Faith    .   (no shield)
rNeg    . . .      Spirit   .   c - +0 robe
rPois   .          Reflect  .   (no helmet)
rElec   .          Harm     .   r - +0 cloak
rCorr   .          Rampage  .   (no gloves)
Will    .....                   (no boots)
Stlth   +.........              (no amulet)
HPRegen 0.09/turn               (no ring)
MPRegen 0.18/turn               (no ring)

@: no status effects
A: magic regeneration
a: no special abilities


You were on level 2 of the Dungeon.
You visited 1 branch of the dungeon, and saw 4 of its levels.

You collected 147 gold pieces.

Inventory:

Hand Weapons
 a - a +3 falchion (weapon)
Missiles
 b - 10 boomerangs (quivered)
Armour
 c - a +0 robe (worn)
 r - a +0 cloak (worn)
Jewellery
 g - a ring of fire
 k - a ring of willpower
Scrolls
 d - a scroll of teleportation {unknown}
 f - 3 scrolls of identify {unknown}
 h - a scroll of fog {unknown}
 j - 2 scrolls of enchant weapon {unknown}
 o - a scroll of magic mapping {unknown}
 p - 2 scrolls of enchant armour {unknown}
Potions
 e - a potion of flight
 i - a potion of heal wounds {unknown}
 l - 2 potions of degeneration
 m - a potion of resistance {unknown}
 n - a potion of ambrosia {unknown}
 q - a potion of attraction {unknown}


   Skills:
 - Level 2.0 Fighting
 + Level 3.5 Long Blades
 - Level 1.0 Armour
 - Level 1.0 Spellcasting
 + Level 3.1 Hexes
 - Level 1.2 Invocations


You had 3 spell levels left.
You knew the following spells:

 Your Spells              Type           Power      Damage    Failure   Level
a - Slow                  Hex            24%        N/A       10%         1

Your spell library contained the following spells:

 Spells                   Type           Power      Damage    Failure   Level
 Confusing Touch          Hex            6%         N/A       28%         3
 Animate Dead             Necr           0%         N/A       98%         4
 Haunt                    Necr/Summ      0%         N/A       100%        7
 Infestation              Necr           0%         N/A       100%        8


Dungeon Overview and Level Annotations

Branches:
Dungeon (4/15)
 Temple: D:4-7

Altars:

Shops:
D:4 =

Annotations:
D:2 Terence


Innate Abilities, Weirdness & Mutations

You regenerate magic rapidly.


Message History

Press: ? - help, Q - select action, (/) - cycle Shift-Dir - straight line, f - Terence
Aim: Terence, wielding a +0 morningstar and wearing a +0 scale mail (wandering, hasn't noticed you, chance to affect: 51%) Terence shouts!
Terence resists with significant effort.
Aiming: Slow (safe; 10% risk of failure)
Press: ? - help, Q - select action, (/) - cycle Shift-Dir - straight line, f/p - Terence
Aim: Terence, wielding a +0 morningstar and wearing a +0 scale mail (chance to affect: 51%) Terence seems to slow down.
Throw: 10 boomerangs
Press: ? - help, Q - select action, (/) - cycle Shift-Dir - straight line, f/p - Terence
Aim: Terence, wielding a +0 morningstar and wearing a +0 scale mail (slow, 60% to hit)
You throw a boomerang.
The boomerang hits Terence but does no damage.
Throw: 10 boomerangs
Press: ? - help, Q - select action, (/) - cycle Shift-Dir - straight line, f/p - Terence
Aim: Terence, wielding a +0 morningstar and wearing a +0 scale mail (slow, 60% to hit)
You throw a boomerang.
The boomerang hits Terence but does no damage.
Throw: 10 boomerangs
Press: ? - help, Q - select action, (/) - cycle Shift-Dir - straight line, f/p - Terence
Aim: Terence, wielding a +0 morningstar and wearing a +0 scale mail (slow, 60% to hit)
You throw a boomerang.
The boomerang hits Terence but does no damage.
Terence is no longer moving slowly.
Throw: 10 boomerangs
Press: ? - help, Q - select action, (/) - cycle Shift-Dir - straight line, f/p - Terence
Aim: Terence, wielding a +0 morningstar and wearing a +0 scale mail (60% to hit)
You throw a boomerang.
The boomerang hits Terence but does no damage.
Terence completely misses you.
You closely miss Terence. Terence closely misses you.
You closely miss Terence. Terence hits you with a +0 morningstar!
You hit Terence but do no damage. Terence hits you with a +0 morningstar!
* * * LOW HITPOINT WARNING * * *
Unknown command.
Terence attacks as you move away! Terence closely misses you.
Terence attacks as you move away! Terence hits you with a +0 morningstar.
* * * LOW HITPOINT WARNING * * *
Terence attacks as you move away! Terence hits you with a +0 morningstar.
You die...

######.........##.#
#### ##...#.##.##.#
...# #####.##.##.#
##.# #.......#
##.#############.##
##........# #.#
##.>......# #.#
..........# #.#
###.......# ##@#
#.......#####.@#
#...........#.##
######..#####.#.#
..........###.#.#
..#.##..#.......#
..#.##..#..##.###
..............####
..##.###.###.###.##
####


You could see Terence.

Vanquished Creatures
  2 adders
  4 ball pythons
  4 endoplasms
  5 giant cockroaches
  2 goblins
  2 hobgoblins
  2 jackals (D:1)
  2 quokkas
  A bat (D:3)
  A frilled lizard (D:2)
25 creatures vanquished.

Notes
Turn   | Place    | Note
-------+----------+-------------------------------------------
     0 | D:1      | growler the Demonspawn Wanderer began the quest for the
                  | Orb.
     0 | D:1      | growler set off with the following items: a +3 falchion, a
                  | scroll of blinking, a +0 robe; and the following spell
                  | memorised: Slow; and the following spells available to
                  | memorise: Confusing Touch.
     0 | D:1      | Reached XP level 1. HP: 16/16 MP: 2/2
   620 | D:1      | Gained mutation: You regenerate magic rapidly. [demonic
                  | ancestry]
   620 | D:1      | Reached XP level 2. HP: 22/22 MP: 3/3
  1498 | D:2      | You fall into a shaft and drop 2 floors!
  1648 | D:4      | Found Oppukem's Jewellery Shoppe.
  1670 | D:4      | Noticed a necrophage
  1818 | D:3      | Reached XP level 3. HP: 21/27 MP: 4/4
  2282 | D:2      | Noticed Terence
  2292 | D:2      | HP: 1/27 [Terence/+0 morningstar (5)]
  2771 | D:2      | Slain by Terence

Illustrated notes

Levels and vault maps discovered:
D:1:      erik_arrival_orb_chamber, layout_basic, minmay_heptomino_h4
D:2:      layout_loops_cross, nicolae_concentric_dashed_squares_wild,
          uniq_terence
D:3:      minmay_roachtagon, layout_loops_ring, mainiacjoe_overflow_24_doors
D:4:      layout_rooms, serial_shops, nicolae_inconvenience_store, uniq_duvessa

Skill      XL: |  1  2  3 |
---------------+----------+-----
Long Blades    | 3 |  3.5
Hexes          | 3 |  3.1
Fighting       | |  2.0
Armour         | |  1.0
Spellcasting   | |  1.0
Invocations    | |  1.2

Action                   || total
-------------------------++-------
Melee: Falchion          ||    73
Throw: Boomerang         ||     4
 Cast: Slow              ||     2
  Use: Potion            ||     2
       Scroll            ||     1
 Stab: Sleeping          ||     2
Armor: Robe              ||    12
Dodge: Dodged            ||    44
